 Dungeon Crawl Stone Soup version 0.14-a0-1351-g86ce660 (webtiles) character file.

356755 Psiweapon the Slayer (level 22, -5/155 HPs)
             Began as a Gargoyle Fighter on Dec 5, 2013.
             Was a High Priest of Okawaru.
             Killed from afar by an acid blob (7 damage)
             ... with a splash of acid
             ... created by the royal jelly
             ... on Level 6 of the Pits of Slime on Dec 7, 2013.
             The game lasted 07:43:43 (61432 turns).

Psiweapon the Slayer (Gargoyle Fighter)            Turns: 61432, Time: 07:43:44

HP  -5/155       AC 58     Str 36      XL: 22   Next: 31%
MP  34/34        EV  8     Int 15      God: Okawaru [*****.]
Gold 1516        SH 40     Dex 11      Spells:  3 memorised, 10 levels left

rFire  . . .     SeeInvis .     s - +4,+8 shillelagh "Devastator"
rCold  + . .     Clarity  .     e - +6 crystal plate armour of Disguise {Dex+3 Int+5}
rNeg   + . .     Conserve .     j - +5 shield of the Assorted Runes {rElec}
rPois  +         rCorr    +     (no helmet)
rElec  +         rRot     +     m - -1 cloak
SustAb . .       Spirit   .     h - -2 pair of gloves
rMut   .         Warding  .     S - +0 pair of boots of Fashionability {MR+}
Saprov . . .     Stasis   .     R - cursed amulet of resist corrosion
                                i - ring of protection from magic
                                z - ring of Dim Light {rElec rC+ Str+2 Stlth+}

@: mighty, flying, studying Fighting, heroism, finesse, extraordinarily
resistant to hostile enchantments, extremely unstealthy
A: large and strong wings, rough black scales 1, berserk 1, low mp 1, magic
resistance 1, life protection 1, screaming 1, electricity resistance,
unbreathing, petrification resistance, AC +16
a: Stop Flying, Heroism, Finesse, Renounce Religion
}: 2/15 runes: decaying, serpentine


You were on level 6 of the Pits of Slime.
You worshipped Okawaru.
Okawaru was extremely pleased with you.
You were not hungry.

You visited 9 branches of the dungeon, and saw 52 of its levels.
You visited 2 bazaars.
You also visited: Labyrinth, Bailey and Ice Cave.

You collected 5006 gold pieces.
You spent 3490 gold pieces at shops.

Inventory:

Hand weapons
 f - the +11,+11 morningstar "Eos" {elec, -Tele rElec SInv}
   (You found it on level 3 of the Elven Halls)

   Occasionally, upon striking a foe, it will discharge some electrical energy
   and cause terrible harm.
   It insulates you from electricity.
   It enhances your eyesight.
   It prevents most forms of teleportation.
 s - the +4,+8 shillelagh "Devastator" (weapon)
   (You bought it in a shop on level 3 of the Vaults)
 M - a +5,+4 dwarven broad axe of draining
 P - a +5,+6 eveningstar of holy wrath
Armour
 e - the +6 crystal plate armour of Disguise (worn) {Dex+3 Int+5}
   (Okawaru gifted it to you on level 4 of the Swamp)

   It affects your intelligence (+5).
   It affects your dexterity (+3).
 h - a -2 pair of gloves (worn)
 j - the +5 shield of the Assorted Runes (worn) {rElec}
   (Okawaru gifted it to you on level 4 of the Vaults)

   It insulates you from electricity.
 m - a -1 cloak (worn)
 S - the +0 pair of boots of Fashionability (worn) {MR+}
   (You found it on level 5 of the Snake Pit)

   It affects your resistance to hostile enchantments.
Magical devices
 b - a wand of invisibility (4)
 d - a wand of heal wounds (1)
 k - a wand of fireball (2)
 x - a wand of lightning (2)
 F - a wand of digging (11)
 G - a wand of enslavement (15)
 H - a wand of fire (2)
 T - a wand of draining (3)
 X - a wand of disintegration (6)
Comestibles
 C - 5 bread rations
Scrolls
 p - a scroll of magic mapping
 w - 5 scrolls of remove curse
 A - 4 scrolls of teleportation
 D - a scroll of immolation
Jewellery
 i - a ring of protection from magic (right hand)
 q - an uncursed ring of teleport control
 z - the ring of Dim Light (left hand) {rElec rC+ Str+2 Stlth+}
   (You took it off a deep elf sorcerer on level 3 of the Elven Halls)

   [ring of protection from cold]

   It affects your strength (+2).
   It insulates you from electricity.
   It makes you much more stealthy.
 J - a +4 ring of evasion
 K - an uncursed amulet of conservation
 O - an uncursed ring of sustenance
 R - a cursed amulet of resist corrosion (around neck)
Potions
 c - a potion of magic
 o - 2 potions of heal wounds
 t - 4 potions of curing
 U - 2 potions of might
Books
 n - a manual of Fighting
Miscellaneous
 v - a phial of floods (inert)
 y - a phial of floods
Rods
 u - a +9 rod of inaccuracy (15/15)
   (You found it in a labyrinth)


   Skills:
 + Level 21.1(26.1) Fighting
 - Level 11.0(16.0) Axes
 + Level 15.8(20.8) Maces & Flails
 + Level 18.2(23.2) Armour
 - Level 15.1(20.1) Shields
 - Level 9.3 Invocations
 + Level 18.0 Evocations


You had 10 spell levels left.
You knew the following spells:

 Your Spells              Type           Power        Failure   Level  Hunger
a - Lee's Rapid Deconstr  Erth           #.........   100%        5    ######.
b - Passwall              Trmt/Erth      #.........   100%        3    ####...
c - Stone Arrow           Conj/Erth      #.....       100%        3    ####...


Dungeon Overview and Level Annotations

Branches:
Dungeon (16/16)            Temple (1/1) D:7             Orc (4/4) D:12
    Elf (3/3) Orc:4          Lair (8/8) D:9           Swamp (5/5) Lair:6
  Snake (5/5) Lair:3        Slime (6/6) Lair:8       Vaults (4/5) D:15
  Blade (0/1) Vaults:3     Forest (0/5) Vaults:3     Depths (0/6) D:16

Altars:
Ashenzari
Cheibriados
Elyvilon
Fedhas
Kikubaaqudgha
Makhleb
Nemelex Xobeh
Okawaru
Sif Muna
Trog
Vehumet
Xom
Yredelemnul
Zin
the Shining One
Beogh
Jiyva

Shops:
D:8 ?   Orc:2 =   Orc:4 }++[   Vaults:1 =*}!*   Vaults:2 !=   Vaults:3 (
Vaults:4 +

Portals:
Hell: Lair:8
Trove: Vaults:2 (give +5,+4 demon blade)

Annotations:
D:12 exclusion: oklob plant
Elf:2 1 exclusion
Lair:5 1 exclusion
Lair:8 exclusion: oklob plant
Swamp:5 1 exclusion
Snake:3 1 exclusion
Snake:5 exclusion: oklob plant
Slime:6 Royal Jelly


Innate Abilities, Weirdness & Mutations

You are resistant to torment.
You are immune to poison.
You can fly continuously.
Your stone body is very resilient (AC +16).
Your wings are large and strong.
You resist negative energy.
You are resistant to electric shocks.
You can survive without breathing.
You are immune to petrification.
You are partially covered in rough black scales (AC +4, Dex -1).
You tend to lose your temper in combat.
Your magical capacity is low (-10% MP).
You are resistant to hostile enchantments.
You occasionally shout uncontrollably.


Message History

The acid blob spits acid at you. The splash of acid hits you! You resist.
The acid burns!
You resist.
* * * LOW HITPOINT WARNING * * *
A giant eyeball comes into view.
The giant eyeball turns its gaze towards you.
Read which item? (? for menu, Esc to quit)
You cannot teleport right now.
Drink which item? (? for menu, Esc to quit)
Okay, then.
Wield which item (- for none, * to show all)? (? for menu, Esc to quit)
The +11,+11 morningstar "Eos" {elec, -Tele rElec SInv} stops crackling.
Time to lay down the shillelagh law.
s - the +4,+8 shillelagh "Devastator" (weapon)
The acid blob spits acid at you. The splash of acid hits you! You resist.
The acid burns!
You resist.
* * * LOW HITPOINT WARNING * * *
The acid blob spits acid at you. The splash of acid hits you! You resist.
The acid burns!
You resist.
* * * LOW HITPOINT WARNING * * *
You die...

.J......................###
..........................#
..........................##
...........................###
.............J...............##
............JJJ...............#
............JJJ.J............##
..............JJJ............#
#.##..........JJ@............##
####.#####.....J..............#
,*#..#*,*#....................##
,,#.##,,,##....................##
,*#..#*,,,###...................#
,,##.#,,,,,*##...................
,*#..#*,,,,*#.......G...........#
*,#.##,*,,**#...................#
###..########...................#


You could see the royal jelly, 7 acid blobs, 3 azure jellies, 3 death oozes and
a giant eyeball.

Vanquished Creatures
  Saint Roka (Swamp:3)
  the Lernaean hydra (Swamp:5)
  Norris (Swamp:4)
  Mara (Swamp:4)
  An illusory Mara (Swamp:4)
  Nikola (Swamp:4)
  A lich (Vaults:3)
  An Ice Fiend (IceCv)
  2 deep elf blademasters (Elf:3)
  2 deep elf master archers (Elf:3)
  9 acid blobs
  A sphinx (Vaults:4)
  Frances (Elf:3)
  Kirke (Swamp:4)
  Roxanne (D:16)
  5 azure jellies
  A frost giant (Vaults:4)
  Donald (Snake:4)
  Wiglaf (Swamp:3)
  5 deep elf sorcerers
  An orc warlord (Bailey)
  Gastronok (Lair:2)
  Louise (D:15)
  15 greater nagas (Snake:5)
  5 stone giants
  5 vault wardens
  5 deep elf demonologists (Elf:3)
  Azrael (Vaults:2)
  A dire elephant (Lair:8)
  3 deep elf annihilators (Elf:3)
  The ghost of oplop the Conjurer, a powerful DrWz of Sif Muna (Orc:4)
  7 deep elf death magi
  2 ettins
  6 vault guards
  4 death oozes (Slime:6)
  3 deep elf high priests (Elf:3)
  A minotaur (Lab)
  4 great orbs of eyes
  A fire dragon (Vaults:2)
  Fannar (D:16)
  5 ironheart preservers
  4 dancing weapons (Vaults:3)
  Josephine (Elf:1)
  2 yaktaur captains
  26 hydras
  The ghost of Yllodra the Fighter, an experienced LOBe of Trog (D:10)
  An ice dragon (Vaults:2)
  Nessos (Orc:3)
  7 alligators
  6 anacondas
  6 ogre magi
  A large abomination (Elf:3)
  4 spectral elves
  A deep troll shaman (Vaults:3)
  12 death yaks
  A vampire mage (D:16)
  17 centaur warriors
  38 naga warriors
  6 orc high priests
  A sun demon (Lair:8)
  3 very ugly things (Vaults:4)
  A sea snake (shapeshifter) (Vaults:4)
  16 deep elf knights
  Erolcha (D:8)
  6 skeletal warriors
  3 unseen horrors
  A deep troll (shapeshifter) (Vaults:4)
  10 ice devils
  7 deep trolls
  9 swamp dragons
  A giant orange brain (Vaults:2)
  2 ice statues (IceCv)
  16 hill giants
  4 harpies (Vaults:3)
  An unseen horror (shapeshifter) (D:15)
  25 orc knights
  The ghost of M4edhros the Magician, an experienced OpVM of Fedhas (D:8)
  12 deep elf conjurers
  9 ironbrand convokers
  Joseph (D:8)
  A lindwurm (Snake:3)
  4 orc sorcerers
  2 wizards
  2 wolf spiders
  11 giant amoebae
  2 necromancers
  2 wolf spider zombies
  3 shining eyes
  5 red wasps
  3 spiny worms
  5 cyclopes
  A faun (Vaults:3)
  Nergalle (Orc:2)
  9 elephants
  6 griffons
  9 guardian serpents
  A smoke demon (Lair:8)
  An orange demon (Lair:8)
  35 black mambas
  An eye of devastation (Slime:1)
  12 vault sentinels
  2 iron trolls
  23 spiny frogs
  An efreet (D:15)
  2 redback zombies (Vaults:3)
  15 yaktaurs
  4 hellwings (Lair:8)
  8 deep elf priests
  Psyche (Orc:2)
  A fire drake (Lair:8)
  8 komodo dragons
  26 naga magi
  A wandering mushroom (D:6)
  A guardian mummy (D:16)
  9 deep elf summoners
  2 iron devils (Elf:3)
  4 anaconda simulacra (IceCv)
  Grinder (D:4)
  2 fire drakes (shapeshifter)
  3 red devils (Lair:8)
  7 two-headed ogres
  9 trolls
  4 blue devils (IceCv)
  13 giant leeches
  4 baby alligators (Swamp:2)
  A harpy zombie (D:15)
  2 small abominations (Elf:3)
  3 spriggans (Vaults:3)
  42 slime creatures
  11 brown oozes
  9 blink frogs
  2 stone giant simulacra
  A tarantella zombie (Elf:1)
  23 bog bodies
  A griffon zombie (D:15)
  2 boulder beetles
  2 ravens
  2 vampires (D:15)
  10 basilisks
  An air elemental (Vaults:3)
  A brown ooze (shapeshifter) (Elf:3)
  49 yaks
  2 wyverns
  6 redbacks (Vaults:3)
  An alligator skeleton (Elf:1)
  3 hungry ghosts
  61 ugly things
  3 fire elementals (Vaults:2)
  A hill giant zombie (D:16)
  6 sharks
  2 elephant slugs
  Eustachio (D:5)
  12 hippogriffs
  Grum (D:9)
  A black mamba skeleton (Elf:1)
  27 deep elf magi
  A steam dragon (shapeshifter) (Elf:3)
  6 golden eyes (Slime:6)
  2 hogs (Swamp:4)
  5 wraiths
  37 deep elf fighters
  2 hill giant skeletons
  51 swamp worms
  3 iron troll simulacra (IceCv)
  31 vampire mosquitoes
  The ghost of Psiweapon the Skirmisher, an average GrFi (D:3)
  13 wolves
  A harpy simulacrum (IceCv)
  A basilisk (shapeshifter) (Vaults:2)
  2 dwarves (Orc:4)
  A mottled dragon (D:15)
  7 porcupines
  2 hydra simulacra (IceCv)
  93 nagas
  4 hell hounds (Vaults:2)
  5 phantoms
  2 black bears (D:12)
  15 swamp drakes
  3 kobold demonologists
  64 orc warriors
  3 sky beasts
  A freezing wraith (Vaults:2)
  7 ice beasts
  28 centaurs
  34 ogres
  12 giant goldfish
  9 big kobolds
  2 ugly thing zombies (D:16)
  14 crocodiles
  3 rotting devils (Lair:8)
  11 giant slugs
  6 wargs
  2 boring beetles
  2 brain worms
  29 water moccasins
  30 giant frogs
  Blork the orc (D:8)
  11 agate snails
  A yaktaur skeleton (D:16)
  8 eyes of draining
  47 insubstantial wisps
  13 jellyfish
  4 killer bees (D:7)
  9 wights
  4 electric eels
  4 crimson imps
  A pulsating lump (shapeshifter) (Vaults:4)
  3 goliath beetles
  41 orc priests
  12 hounds
  2 quasits
  8 iguanas
  12 big fish
  10 jellies
  A gnoll shaman (D:7)
  2 shapeshifter simulacra
  A giant frog skeleton (D:6)
  38 orc wizards
  A black bear skeleton (D:5)
  4 scorpions
  3 orange rats
  3 worker ants
  4 grizzly bear simulacra (Lair:7)
  A mottled dragon zombie (D:14)
  A boulder beetle simulacrum (Vaults:2)
  A mottled dragon skeleton (D:15)
  6 sheep
  Ijyb (D:6)
  Jessica (D:2)
  A crocodile zombie (Elf:1)
  16 boggarts
  Terence (D:2)
  23 gnolls
  A swamp drake zombie (Swamp:3)
  A giant centipede (Lair:1)
  37 adders
  2 shadow imps (Elf:3)
  27 green rats
  3 hound simulacra (Lair:7)
  An inept feature mimic (D:2)
  A giant mite (Lair:1)
  A worm (D:6)
  A goliath beetle zombie (D:5)
  An iguana zombie (D:8)
  An adder skeleton (D:4)
  An adder zombie (D:9)
  3 giant eyeballs
  7 giant geckos
  10 oozes
  247 orcs
  2 sheep simulacra (Lair:7)
  4 ball pythons
  23 bats
  2 bat skeletons
  46 goblins
  26 hobgoblins
  2 jackals (D:1)
  31 kobolds
  10 quokkas
  6 giant cockroaches
  3 giant newts
  A giant newt zombie (D:5)
  2 orc skeletons
  A quokka zombie (D:5)
  17 rats
  2 rat simulacra (Lair:7)
  A spectral orc (Orc:2)
  5 ballistomycetes (D:12)
  A bush (D:10)
  2 crawling corpses (Elf:3)
  4 fungi
  A plant (Lair:8)
2314 creatures vanquished.

Vanquished Creatures (others)
  2 hydras (Swamp:5)
  An ogre mage (Vaults:2)
  A naga warrior (Snake:5)
  A red wasp (Vaults:3)
  A vault sentinel (Vaults:4)
  3 water elementals (Slime:6)
  A deep elf priest (Elf:2)
  A yaktaur (Vaults:2)
  A two-headed ogre (D:16)
  A bog body (Swamp:5)
  2 ugly things (D:16)
  2 deep elf magi (Elf:2)
  A deep elf fighter (Elf:2)
  2 orc warriors
  2 nagas (Snake:5)
  An ogre (D:16)
  A giant frog (Swamp:4)
  An orc priest (Swamp:3)
  2 orc wizards (Orc:4)
  An orc (Swamp:3)
  2 bushes (Swamp:5)
  16 fungi
  6 plants
52 creatures vanquished.

Grand Total: 2366 creatures vanquished

Notes
Turn   | Place    | Note
--------------------------------------------------------------
     0 | D:1      | Psiweapon, the Gargoyle Fighter, began the quest for the Orb.
     0 | D:1      | Reached XP level 1. HP: 14/14 MP: 1/1
    12 | D:1      | Reached XP level 2. HP: 17/19 MP: 2/2
   450 | D:1      | Reached XP level 3. HP: 23/23 MP: 3/3
   672 | D:2      | Noticed Terence
   691 | D:2      | Killed Terence
   984 | D:2      | Noticed Jessica
   990 | D:2      | Killed Jessica
   990 | D:2      | Reached skill level 4 in Fighting
   990 | D:2      | Reached XP level 4. HP: 18/29 MP: 4/4
  1650 | D:3      | Reached XP level 5. HP: 21/34 MP: 5/5
  1809 | D:3      | Noticed Psiweapon's ghost (average GrFi)
  2155 | D:3      | Reached XP level 6. HP: 26/39 MP: 6/6
  2310 | D:2      | Found a radiant altar of Vehumet.
  2356 | D:3      | Killed Psiweapon's ghost
  2356 | D:3      | Reached skill level 5 in Armour
  2808 | D:4      | Reached skill level 5 in Fighting
  2833 | D:5      | Entered Level 5 of the Dungeon
  2854 | D:5      | Reached XP level 7. HP: 44/44 MP: 7/7
  3011 | D:4      | Noticed an ogre
  3022 | D:4      | Killed an ogre
  3022 | D:4      | Reached skill level 5 in Shields
  3240 | D:4      | Noticed an ogre
  3247 | D:4      | Killed an ogre
  3247 | D:4      | Reached skill level 6 in Armour
  3609 | D:5      | Noticed Grinder
  3621 | D:4      | Paralysed by Grinder for 6 turns
  3638 | D:4      | Killed Grinder
  3638 | D:4      | Reached skill level 5 in Maces & Flails
  3638 | D:4      | Reached XP level 8. HP: 40/51 MP: 8/8
  3748 | D:5      | Reached skill level 7 in Armour
  3820 | D:5      | Noticed Eustachio
  3873 | D:5      | Killed Eustachio
  4155 | D:5      | Found a snail-covered altar of Cheibriados.
  4155 | D:5      | Found a white marble altar of Elyvilon.
  4645 | D:6      | Noticed Ijyb
  4658 | D:6      | Killed Ijyb
  4658 | D:6      | Reached skill level 8 in Armour
  4754 | D:6      | Reached XP level 9. HP: 56/56 MP: 9/9
  5061 | D:6      | Noticed a wandering mushroom
  5061 | D:6      | a giant spore changed into a wandering mushroom
  5140 | D:6      | Killed a wandering mushroom
  5215 | D:6      | Reached skill level 9 in Armour
  5254 | D:6      | Noticed Sigmund
  5256 | D:6      | Noticed Sigmund
  5256 | D:6      | Sigmund changed into Sigmund the orange rat
  5267 | D:6      | Killed Sigmund the orange rat
  5626 | D:7      | Found a staircase to the Ecumenical Temple.
  5631 | Temple   | Entered the Ecumenical Temple
  5921 | Temple   | Became a worshipper of Warmaster Okawaru
  6289 | D:8      | Found a flagged portal.
  6323 | Bailey   | Entered a bailey
  6464 | Bailey   | Noticed an orc knight
  6467 | Bailey   | Noticed an orc knight
  6482 | Bailey   | Killed an orc knight
  6482 | Bailey   | Reached skill level 10 in Armour
  6482 | Bailey   | Reached XP level 10. HP: 32/64 MP: 10/10
  6516 | Bailey   | Killed an orc knight
  6516 | Bailey   | Acquired Okawaru's first power
  6516 | Bailey   | Reached skill level 1 in Evocations
  6864 | Bailey   | Noticed an orc knight
  6864 | Bailey   | Noticed an orc warlord
  6866 | Bailey   | Noticed an orc knight
  6875 | Bailey   | Noticed an orc knight
  6951 | Bailey   | Killed an orc warlord
  7302 | Bailey   | Killed an orc knight
  7337 | Bailey   | Killed an orc knight
  7382 | Bailey   | Killed an orc knight
  7382 | Bailey   | Reached XP level 11. HP: 30/71 MP: 15/18
  7426 | Bailey   | Got a heavy robe
  7460 | Bailey   | Gained mutation: You have supernaturally acute eyesight. [potion of beneficial mutation]
  7620 | D:8      | Found Streamis' Magic Scroll Emporium.
  7621 | D:8      | Noticed M4edhros' ghost (experienced OpVM)
  7635 | D:8      | Killed M4edhros' ghost
  7635 | D:8      | Reached skill level 1 in Axes
  7670 | D:8      | Noticed Joseph
  7689 | D:8      | Killed Joseph
  7713 | D:8      | Bought a scroll of blinking for 71 gold pieces
  7713 | D:8      | Bought 2 scrolls of magic mapping for 91 gold pieces
  7818 | D:8      | Noticed Erolcha
  7830 | D:8      | Killed Erolcha
  8045 | D:8      | Noticed Blork the orc
  8056 | D:8      | Killed Blork the orc
  8713 | D:8      | Reached skill level 5 in Evocations
  8812 | D:9      | Gained mutation: Your body is slowly deteriorating. [potion of mutation]
  8812 | D:9      | Gained mutation: You are frail (-10% HP). [potion of mutation]
  8812 | D:9      | Gained mutation: Your mind is acute. (Int +2) [potion of mutation]
  8813 | D:9      | Lost mutation: Your mind is acute. (Int +2) [potion of mutation]
  8813 | D:9      | Gained mutation: You have an increased reservoir of magic (+10% MP). [potion of mutation]
  8813 | D:9      | Lost mutation: You are frail (-10% HP). [potion of mutation]
  8902 | Temple   | Lost mutation: Your body is slowly deteriorating. [potion of cure mutation]
  8977 | D:7      | Upgraded the game from 0.14-a0-1313-gb2df4ef to 0.14-a0-1330-g3eed206
  9069 | D:9      | Found a staircase to the Lair.
  9317 | D:9      | Noticed Grum
  9332 | D:9      | Killed Grum
  9794 | D:9      | Got a fine robe
  9893 | D:10     | Entered Level 10 of the Dungeon
  9893 | D:10     | Noticed Sonja
  9896 | D:10     | Noticed Sonja
  9896 | D:10     | Sonja changed into Sonja the yak
  9908 | D:10     | Killed Sonja the yak
  9908 | D:10     | Reached skill level 10 in Fighting
  9931 | D:10     | Noticed a hill giant
  9943 | D:10     | Killed a hill giant
  9977 | D:10     | Noticed Yllodra's ghost (experienced LOBe)
 10040 | Lair:1   | Entered Level 1 of the Lair of Beasts
 10398 | Lair:1   | Reached skill level 5 in Axes
 10398 | Lair:1   | Reached skill level 10 in Shields
 10400 | Lair:1   | Acquired Okawaru's second power
 10982 | Lair:1   | Reached XP level 12. HP: 72/77 MP: 23/23
 11130 | Lair:2   | Noticed Gastronok
 11156 | Lair:2   | Killed Gastronok
 11156 | Lair:2   | Reached skill level 10 in Maces & Flails
 11158 | Lair:2   | Received a gift from Okawaru
 11162 | Lair:2   | Got a jasper-encrusted chain mail {god gift}
 11380 | Lair:2   | Identified the +4 chain mail "Febbares" {rC+} (Okawaru gifted it to you on level 2 of the Lair of Beasts)
 12079 | Lair:3   | Found a staircase to the Snake Pit.
 12081 | Lair:3   | Noticed a six-headed hydra
 12783 | Lair:3   | Reached skill level 1 in Invocations
 12802 | Lair:3   | Killed a six-headed hydra
 13059 | Lair:3   | Noticed an eight-headed hydra
 13068 | Lair:3   | Killed an eight-headed hydra
 13089 | Lair:4   | Reached skill level 11 in Shields
 13987 | Lair:4   | Received a gift from Okawaru
 14087 | Lair:4   | Reached skill level 5 in Invocations
 14100 | Lair:4   | Reached XP level 13. HP: 64/84 MP: 25/25
 14261 | Lair:5   | Found a labyrinth entrance.
 14271 | Lab      | Entered a labyrinth
 14417 | Lab      | Noticed a minotaur
 14428 | Lab      | Killed a minotaur
 14432 | Lab      | Got a steaming glass ring
 14440 | Lab      | Identified the ring "Vueffe Kovo" {+Fly Dex+1} (You found it in a labyrinth)
 14454 | Lab      | Learned a level 5 spell: Lee's Rapid Deconstruction
 14458 | Lab      | Learned a level 3 spell: Passwall
 14462 | Lab      | Learned a level 3 spell: Stone Arrow
 14464 | Lab      | Identified a +9 rod of inaccuracy (12/12) (You found it in a labyrinth)
 16051 | Lair:6   | Reached skill level 12 in Shields
 16175 | Lair:6   | Found a staircase to the Swamp.
 17555 | Lair:8   | Entered Level 8 of the Lair of Beasts
 17926 | Lair:8   | Found a staircase to the Slime Pits.
 18284 | Lair:7   | Received a gift from Okawaru
 18288 | Lair:7   | Got a faintly glowing morningstar {god gift}
 18290 | Lair:7   | Identified the +12,+5 morningstar of the Horn {crush, +Inv rPois} (Okawaru gifted it to you on level 7 of the Lair of Beasts)
 18290 | Lair:7   | Identified the +12,+5 morningstar of the Horn {crush, +Inv rPois} (Okawaru gifted it to you on level 7 of the Lair of Beasts)
 18824 | Lair:8   | Gained mutation: Your wings are large and strong. [gargoyle growth]
 18824 | Lair:8   | Reached XP level 14. HP: 80/92 MP: 26/28
 18832 | Lair:8   | Reached skill level 13 in Shields
 18841 | Lair:8   | Received a gift from Okawaru
 19540 | Lair:8   | Noticed a dire elephant
 19552 | Lair:8   | Killed a dire elephant
 19616 | Lair:8   | Found a burning altar of Makhleb.
 19708 | Lair:8   | Found a gateway to Hell.
 19960 | Lair:8   | Received a gift from Okawaru
 20572 | D:10     | Killed Yllodra's ghost
 20703 | D:10     | Noticed a hill giant
 20710 | D:10     | Killed a hill giant
 20757 | D:10     | Reached skill level 10 in Evocations
 21568 | D:11     | Gained mutation: You are frail (-10% HP). [mutagenic meat]
 21569 | D:11     | Gained mutation: Your flesh is cold resistant. [mutagenic meat]
 21570 | D:11     | Gained mutation: You are resistant to hostile enchantments. [mutagenic meat]
 21683 | Lair:2   | Lost mutation: Your flesh is cold resistant. [potion of cure mutation]
 21683 | Lair:2   | Lost mutation: You are frail (-10% HP). [potion of cure mutation]
 21683 | Lair:2   | Lost mutation: You are resistant to hostile enchantments. [potion of cure mutation]
 22250 | D:13     | Reached skill level 14 in Shields
 22678 | D:12     | Found a staircase to the Orcish Mines.
 22682 | D:12     | Received a gift from Okawaru
 22703 | D:12     | Reached XP level 15. HP: 100/100 MP: 30/30
 22743 | D:12     | Found a burning altar of Makhleb.
 22743 | D:12     | Noticed an Executioner
 23465 | D:13     | Found a shimmering altar of Xom.
 23727 | D:13     | Tolias: nice wep
 24007 | Lair:2   | Psiweapon: hey
 24007 | Lair:2   | Psiweapon: thx
 24007 | Lair:2   | Psiweapon: which one? :P
 24007 | Lair:2   | Tolias: holy evenin'star
 24007 | Lair:2   | Psiweapon: oh yeah
 24007 | Lair:2   | Tolias: endgame weapon rly
 24007 | Lair:2   | Psiweapon: absolutely
 24007 | Lair:2   | Psiweapon: an eveningstar of holy wrath is almost guaranteed to outlast the character ;)
 24007 | Lair:2   | Psiweapon: splats the living just as well as demons and the undead
 24156 | D:14     | Found a deep blue altar of Sif Muna.
 24407 | D:14     | Psiweapon: rings of evasion galore
 24682 | D:14     | Received a gift from Okawaru
 24683 | D:14     | Got a slimy flail {god gift}
 24686 | D:14     | Identified the +11,+7 flail of Wesuwela {crush, rF++ Str+4} (Okawaru gifted it to you on level 14 of the Dungeon)
 24686 | D:14     | Identified the +11,+7 flail of Wesuwela {crush, rF++ Str+4} (Okawaru gifted it to you on level 14 of the Dungeon)
 24691 | D:15     | Entered Level 15 of the Dungeon
 24751 | D:15     | Gained mutation: You are partially covered in rough black scales (AC +4, Dex -1). [potion of beneficial mutation]
 24752 | D:15     | Psiweapon: awesome, 4 AC more
 24757 | D:16     | Entered Level 16 of the Dungeon
 24860 | D:15     | Tolias: vamp knights are now actually terrifying
 24968 | D:15     | Psiweapon: really?
 24968 | D:15     | Psiweapon: why?
 25263 | D:15     | Found a gate to the Vaults.
 25643 | Snake:1  | Entered Level 1 of the Snake Pit
 25737 | Swamp:1  | Entered Level 1 of the Swamp
 26133 | Swamp:1  | Reached skill level 15 in Shields
 26593 | Swamp:1  | Received a gift from Okawaru
 26594 | Swamp:1  | Got a blackened crossbow {god gift}
 26595 | Swamp:1  | Identified the +9,+9 crossbow "Hydraslayer" {penet, Str+4 Dex+2 Int+3} (Okawaru gifted it to you on level 1 of the Swamp)
 26595 | Swamp:1  | Identified the +9,+9 crossbow "Hydraslayer" {penet, Str+4 Dex+2 Int+3} (Okawaru gifted it to you on level 1 of the Swamp)
 27270 | Swamp:2  | Reached skill level 15 in Fighting
 27461 | Swamp:2  | Reached XP level 16. HP: 80/108 MP: 33/33
 27695 | Swamp:3  | Received a gift from Okawaru
 28114 | Swamp:3  | Noticed Wiglaf
 28133 | Swamp:3  | Killed Wiglaf
 28606 | Swamp:3  | Noticed Saint Roka
 28978 | Swamp:3  | Killed Saint Roka
 29721 | D:16     | Noticed Roxanne
 29745 | D:16     | Received a gift from Okawaru
 29766 | D:16     | Killed Roxanne
 29882 | D:16     | Noticed Louise
 30087 | D:15     | Killed Louise
 30477 | D:16     | Reached skill level 16 in Fighting
 30525 | D:16     | Found a roughly hewn altar of Beogh.
 30599 | D:16     | Noticed Fannar
 30609 | D:16     | Killed Fannar
 30744 | D:16     | Found a staircase to the Depths.
 31272 | Orc:1    | Entered Level 1 of the Orcish Mines
 31301 | Orc:1    | Found a roughly hewn altar of Beogh.
 31444 | Orc:2    | Found Imacinle's Jewellery Shop.
 31458 | Orc:2    | Bought an uncursed amulet of conservation for 325 gold pieces
 31458 | Orc:2    | Bought a cursed amulet of resist corrosion for 247 gold pieces
 31554 | Orc:2    | Noticed Psyche
 31559 | Orc:2    | Killed Psyche
 32373 | Orc:2    | Noticed Nergalle
 32400 | Orc:2    | Killed Nergalle
 32736 | Orc:4    | Entered Level 4 of the Orcish Mines
 32774 | Orc:3    | Noticed Nessos
 32787 | Orc:3    | Killed Nessos
 33167 | Orc:4    | Found a staircase to the Elven Halls.
 33169 | Orc:4    | Found a roughly hewn altar of Beogh.
 33430 | Orc:4    | Noticed oplop's ghost (powerful DrWz)
 33458 | Orc:4    | Killed oplop's ghost
 33458 | Orc:4    | Reached XP level 17. HP: 79/116 MP: 29/35
 33627 | Orc:4    | Found an iron altar of Okawaru.
 34139 | Orc:4    | Found Qeepemar's Armour Boutique.
 34156 | Orc:4    | Found Goish's Book Shop.
 34156 | Orc:4    | Found Quavam's Gadget Boutique.
 34156 | Orc:4    | Found Ewkarr's Book Boutique.
 34907 | Swamp:4  | Noticed Nikola
 34908 | Swamp:4  | Noticed Mara
 34911 | Swamp:4  | Noticed Mara
 34911 | Swamp:4  | Noticed Mara
 34912 | Swamp:4  | Noticed Psiweapon's illusion
 34928 | Swamp:4  | Killed Mara
 34935 | Swamp:4  | Noticed Mara
 34942 | Swamp:4  | Killed Mara
 34955 | Swamp:4  | Killed Nikola
 35278 | Swamp:4  | Noticed Kirke
 35284 | Swamp:4  | Psiweapon: sup
 35288 | Swamp:4  | Killed Kirke
 35288 | Swamp:4  | Received a gift from Okawaru
 35293 | Swamp:4  | Got a distressingly furry crystal plate armour {god gift}
 35294 | Swamp:4  | Psiweapon: WHOA ARTIFACT CPM
 35329 | Swamp:3  | Identified the +6 crystal plate armour of Disguise {Dex+3 Int+5} (Okawaru gifted it to you on level 4 of the Swamp)
 35709 | Swamp:4  | Noticed Norris
 35739 | Swamp:4  | Killed Norris
 35970 | Swamp:5  | Entered Level 5 of the Swamp
 36237 | Swamp:5  | Reached skill level 17 in Fighting
 36504 | Swamp:5  | Reached skill level 10 in Axes
 36555 | Swamp:5  | Noticed the 27-headed Lernaean hydra
 36565 | Swamp:5  | Killed the 27-headed Lernaean hydra
 36599 | Swamp:5  | Got a decaying rune of Zot
 36810 | Swamp:5  | Reached XP level 18. HP: 115/124 MP: 36/36
 36856 | Swamp:5  | Received a gift from Okawaru
 38163 | Orc:2    | Bought the amulet "Reangat" {Faith +Blink MR++ Str+4} for 799 gold pieces
 40149 | Snake:3  | Found a flickering gateway to a bazaar.
 40169 | Bazaar   | Entered a bazaar
 40173 | Bazaar   | Found Streifavo's Magic Scroll Emporium.
 40197 | Bazaar   | Found Psunoilu's General Store.
 40201 | Bazaar   | Found Vahequh's Distillery.
 40209 | Bazaar   | Found Brumuoxoa's General Store.
 40231 | Bazaar   | Bought a potion of mutation for 42 gold pieces
 40232 | Bazaar   | Lost mutation: You have an increased reservoir of magic (+10% MP). [potion of mutation]
 40232 | Bazaar   | Gained mutation: You are resistant to hostile enchantments. [potion of mutation]
 40232 | Bazaar   | Gained mutation: Your muscles are strong. (Str +2) [potion of mutation]
 40242 | Bazaar   | Bought a scroll of enchant weapon II for 44 gold pieces
 40262 | Bazaar   | Bought a scroll of enchant weapon III for 140 gold pieces
 40262 | Bazaar   | Bought a scroll of identify for 14 gold pieces
 40265 | Bazaar   | Bought a scroll of identify for 14 gold pieces
 40265 | Bazaar   | Bought a scroll of blinking for 38 gold pieces
 40265 | Bazaar   | Bought a scroll of remove curse for 21 gold pieces
 40284 | Bazaar   | Bought a scroll of brand weapon for 160 gold pieces
 40294 | Bazaar   | Bought a potion of heal wounds for 42 gold pieces
 40294 | Bazaar   | Bought 2 potions of heal wounds for 84 gold pieces
 40294 | Bazaar   | Bought a potion of curing for 28 gold pieces
 40294 | Bazaar   | Bought a potion of heal wounds for 42 gold pieces
 40408 | Snake:3  | Upgraded the game from 0.14-a0-1330-g3eed206 to 0.14-a0-1351-g86ce660
 41902 | Snake:4  | Noticed Donald
 41917 | Snake:4  | Killed Donald
 42544 | Snake:5  | Entered Level 5 of the Snake Pit
 42547 | Snake:5  | Found a glowing golden altar of the Shining One.
 42606 | Snake:5  | Received a gift from Okawaru
 43143 | Snake:5  | Got a bloodstained scale mail
 43189 | Snake:5  | Reached skill level 15 in Evocations
 43704 | Snake:5  | Reached skill level 18 in Fighting
 43894 | Snake:5  | Received a gift from Okawaru
 44250 | Snake:5  | Reached XP level 19. HP: 113/130 MP: 35/35
 44257 | Snake:5  | Reached skill level 15 in Armour
 44314 | Snake:5  | Got a serpentine rune of Zot
 45678 | Snake:5  | Got a pair of twisted boots
 45679 | Snake:5  | Identified the +0 pair of boots of Fashionability {MR+} (You found it on level 5 of the Snake Pit)
 45680 | Snake:5  | Identified the +0 scale mail of Fedhas' Reproof {Str+2 Int+3} (You found it on level 5 of the Snake Pit)
 45749 | Snake:5  | Found a glowing golden altar of the Shining One.
 45810 | Snake:5  | Received a gift from Okawaru
 46683 | Vaults:1 | Entered Level 1 of the Vaults
 46890 | Vaults:1 | Found Dyeviga's Assorted Antiques.
 46898 | Vaults:1 | Bought an embroidered elven robe for 33 gold pieces
 46971 | Vaults:1 | Found Cakialoh's Distillery.
 46985 | Vaults:1 | Found Faniyd's Assorted Antiques.
 47531 | Vaults:1 | Found Plet's Jewellery Boutique.
 47537 | Vaults:1 | Found Ceofom's Gadget Emporium.
 47540 | Vaults:1 | Bought a cursed ring of hunger for 40 gold pieces
 48558 | Vaults:2 | Noticed Azrael
 48568 | Vaults:2 | Killed Azrael
 48748 | Vaults:2 | Found a portal to a secret trove of treasure.
 48995 | Vaults:2 | Received a gift from Okawaru
 49329 | Vaults:2 | Reached XP level 20. HP: 134/137 MP: 34/36
 49335 | Vaults:2 | Reached skill level 19 in Fighting
 49360 | Vaults:2 | Found Yhius' Distillery.
 49362 | Vaults:2 | Found Geixt's Jewellery Shoppe.
 50242 | Vaults:3 | Found Starr's Weapon Shoppe.
 50259 | Vaults:3 | Found a frozen archway.
 50315 | IceCv    | Entered an ice cave
 50742 | IceCv    | Got a dazzling great sword
 50744 | IceCv    | Got a steaming glaive
 51172 | Lair:2   | Identified the +9,+10 great sword of Temperance {slice, +Rage MR++ Int+4 Stlth-} (You found it in an ice cave)
 51172 | Lair:2   | Identified the +8,+8 glaive "Baebamul" {chop, rElec MR++} (You found it in an ice cave)
 51476 | Vaults:3 | Received a gift from Okawaru
 51518 | Vaults:3 | Got a shimmering plate armour {god gift}
 51541 | Vaults:3 | Identified the +4 plate armour "Pnoenom" {+Inv} (Okawaru gifted it to you on level 3 of the Vaults)
 51863 | Vaults:3 | Found a staircase to the Enchanted Forest.
 51969 | Vaults:3 | Bought the +4,+8 shillelagh "Devastator" for 539 gold pieces
 52149 | Vaults:3 | Found a staircase to the Hall of Blades.
 53549 | Vaults:4 | Reached XP level 21. HP: 145/145 MP: 37/37
 53738 | Vaults:4 | Found Khiewk's Book Shoppe.
 53753 | Vaults:4 | Received a gift from Okawaru
 53771 | Vaults:4 | Got a bloodstained shield {god gift}
 53811 | Vaults:4 | Bought a tome of Destruction for 270 gold pieces
 53825 | Vaults:4 | Identified the +5 shield of the Assorted Runes {rElec} (Okawaru gifted it to you on level 4 of the Vaults)
 54501 | Elf:1    | Entered Level 1 of the Elven Halls
 55103 | Elf:1    | Noticed Josephine
 55121 | Elf:1    | Killed Josephine
 55380 | Elf:2    | Reached skill level 20 in Fighting
 55526 | Elf:2    | Found a flickering gateway to a bazaar.
 55537 | Bazaar   | Entered a bazaar
 55539 | Bazaar   | Found Isteathro's Weapon Boutique.
 55542 | Bazaar   | Found Wamenag's Book Boutique.
 55543 | Bazaar   | Found Suddy Luuwu's General Store.
 55543 | Bazaar   | Found Ewiototed's Food Boutique.
 55550 | Bazaar   | Bought a potion of might for 22 gold pieces
 55550 | Bazaar   | Bought a meat ration for 36 gold pieces
 55550 | Bazaar   | Bought a scroll of magic mapping for 31 gold pieces
 55550 | Bazaar   | Bought a potion of heal wounds for 27 gold pieces
 55561 | Bazaar   | Bought a royal jelly for 84 gold pieces
 55573 | Bazaar   | Bought a wand of fire (3) for 126 gold pieces
 56275 | Elf:3    | Entered Level 3 of the Elven Halls
 56339 | Elf:3    | Noticed Frances
 56350 | Elf:3    | Killed Frances
 56595 | Elf:3    | Reached skill level 15 in Maces & Flails
 56695 | Elf:3    | Got a polished scimitar
 56929 | Elf:3    | Got a crude steel ring
 57009 | Elf:3    | Got a warped brass ring
 57013 | Elf:3    | Got a heavily runed bronze ring
 57015 | Elf:3    | Identified the ring "Zodaisen" {SustAb Str-5 Acc-3} (You found it on level 3 of the Elven Halls)
 57059 | Elf:3    | Identified the ring of Dim Light {rElec rC+ Str+2 Stlth+} (You took it off a deep elf sorcerer on level 3 of the Elven Halls)
 57778 | Vaults:1 | Bought a scroll of identify for 80 gold pieces
 58240 | Elf:3    | Got a jewelled plate armour
 58279 | Elf:3    | Identified the ring "Statuife" {Ice Dex+3 Acc+4} (You found it on level 3 of the Elven Halls)
 58297 | Elf:3    | Got a shimmering quarterstaff
 58536 | D:9      | Psiweapon: sup anon
 58610 | Lair:2   | Identified the cursed -5 plate armour "Itink" {+Rage rF+} (You found it on level 3 of the Elven Halls)
 59277 | Slime:1  | Entered Level 1 of the Pits of Slime
 59369 | Slime:4  | Gained mutation: You occasionally shout uncontrollably. [a shining eye]
 59377 | Slime:4  | Received a gift from Okawaru
 59921 | Vaults:1 | Reached XP level 22. HP: 113/153 MP: 38/38
 60333 | Slime:5  | Gained mutation: You tend to lose your temper in combat. [a shining eye]
 60343 | Slime:6  | Entered Level 6 of the Pits of Slime
 60377 | Slime:6  | Gained mutation: Your magical capacity is low (-10% MP). [a shining eye]
 60385 | Slime:6  | Noticed the royal jelly
 60398 | Slime:6  | Lost mutation: You have supernaturally acute eyesight. [a shining eye]
 60420 | Slime:6  | Lost mutation: Your muscles are strong. (Str +2) [a shining eye]
 60930 | Slime:6  | Reached skill level 21 in Fighting
 60997 | Slime:6  | Found a viscous altar of Jiyva.
 61432 | Slime:6  | HP: 2/155 [acid[the royal jelly] (6)]
 61432 | Slime:6  | Killed from afar by an acid blob

Action                   |  1- 3 |  4- 6 |  7- 9 | 10-12 | 13-15 | 16-18 | 19-21 | 22-24 || total
-------------------------+-------+-------+-------+-------+-------+-------+-------+-------++-------
Melee: Mace              |     8 |   211 |   562 |   428 |     3 |       |       |       ||  1212
       Flail             |    68 |    24 |       |   393 |    78 |    49 |       |       ||   612
       Short sword       |    13 |       |    21 |       |       |       |       |       ||    34
       Broad axe         |       |       |       |   444 |   408 |   330 |   423 |    27 ||  1632
       Morningstar       |       |       |       |       |   965 |  1174 |  1051 |   140 ||  3330
       Rod               |       |       |       |       |    15 |   200 |     5 |       ||   220
       Eveningstar       |       |       |       |       |   286 |   313 |   203 |     4 ||   806
       Scimitar          |       |       |       |       |     4 |       |       |       ||     4
       Demon whip        |       |       |       |       |       |   324 |    95 |       ||   419
       Shillelagh        |       |       |       |       |       |       |   187 |    17 ||   204
Throw: Tomahawk          |       |    14 |    33 |    14 |     3 |       |       |       ||    64
       Javelin           |       |       |       |       |     5 |     1 |       |       ||     6
Invok: Heroism           |       |       |       |    12 |    13 |    19 |    10 |     2 ||    56
       Finesse           |       |       |       |     2 |     1 |     9 |     4 |     2 ||    18
 Abil: Fly               |       |       |       |       |     2 |       |       |       ||     2
       Stop Flying       |       |       |       |       |     1 |       |       |       ||     1
       Evoke Jump Attack |       |       |       |       |       |     3 |    26 |       ||    29
       Evoke Invisibilit |       |       |       |       |       |     3 |     2 |       ||     5
Evoke: Wand              |       |       |     6 |    20 |    13 |    30 |    22 |     7 ||    98
       Rod               |       |       |       |       |    71 |    79 |    23 |    13 ||   186
       tome              |       |       |       |       |       |       |     5 |       ||     5
       phial of floods   |       |       |       |       |       |       |       |     1 ||     1
  Use: Scroll            |     2 |     5 |     3 |     9 |    25 |    27 |    27 |     5 ||   103
       Potion            |       |       |     1 |    10 |     4 |     6 |     2 |     5 ||    28
 Stab: Confused          |       |       |       |       |     1 |     5 |       |       ||     6
       Invisible         |       |       |       |       |       |     5 |     3 |       ||     8
